 Dungeon Crawl Stone Soup version 0.31.0-12-g77e489cdc1 (webtiles) character file.

Game seed: 6824459577992675159

560 Gadfly the Sneak (level 7, -1/35 HPs)
             Began as a Spriggan Enchanter on Feb 18, 2024.
             Was an Initiate of Gozag.
             Slain by an ice beast (12 damage)
             ... on level 5 of the Dungeon.
             The game lasted 00:06:23 (3922 turns).

Gadfly the Sneak (Spriggan Enchanter)               Turns: 3922, Time: 00:06:24

Health: -1/35      AC:  2    Str:  4    XL:     7   Next: 9%
Magic:  12/14      EV: 19    Int: 17    God:    Gozag
Gold:   270        SH:  0    Dex: 17    Spells: 9/14 levels left

rFire   . . .        b - +0 dagger (venom)
rCold   . . .        (no shield)
rNeg    . . .        f - +0 robe
rPois   .            (helmet restricted)
rElec   .            (no cloak)
rCorr   .            (gloves unavailable)
SInv    +            (boots unavailable)
Will    +....        (no amulet)
Stlth   +++          (no ring)
HPRegen 0.25/turn    (no ring)
MPRegen 0.14/turn

%: no passive effects
@: very slightly contaminated, very quick
A: very small, no large weapons, unfitting armour, see invisible, speed 3
a: Renounce Religion, Potion Petition, Call Merchant, Bribe Branch


You were on level 5 of the Dungeon.
You worshipped Gozag.
Gozag was aware of your devotion.
You visited 2 branches of the dungeon, and saw 6 of its levels.

You collected 310 gold pieces.
You paid 40 gold pieces to Gozag.

Inventory:

Hand Weapons
 a - a +1 dagger
 b - a +0 dagger of venom (weapon)
 e - a +0 short sword of draining
Armour
 f - a +0 robe (worn)
Scrolls
 l - a scroll of identify {unknown}
 m - a scroll of enchant armour {unknown}
Potions
 c - 2 potions of invisibility
 d - 4 potions of curing
 g - 2 potions of lignification {unknown}
 h - a potion of heal wounds
 i - a potion of berserk rage {unknown}
 j - a potion of degeneration {unknown}
 k - a potion of might {unknown}


   Skills:
 + Level 2.1 Fighting
 + Level 3.3 Short Blades
 + Level 4.4 Dodging
 + Level 6.1 Stealth
 + Level 4.4 Spellcasting
 + Level 4.8 Hexes
 + Level 3.3 Evocations


You had 9 spell levels left.
You knew the following spells:

 Your Spells              Type           Power      Damage    Failure   Level
a - Ensorcelled Hibernat  Hex/Ice        22%        N/A       9%          2
b - Confusing Touch       Hex            20%        N/A       6%          3

Your spell library contained the following spells:

 Spells                   Type           Power      Damage    Failure   Level
 Tukima's Dance           Hex            20%        N/A       6%          3
 Dazzling Flash           Conj/Hex       22%        N/A       17%         3
 Static Discharge         Conj/Air       6%         3-4/arc   22%         2
 Airstrike                Air            1%         2d(1-17)  83%         4
 Summon Lightning Spire   Summ/Air       3%         N/A       83%         4
 Metabolic Englaciation   Hex/Ice        5%         N/A       83%         5


Dungeon Overview and Level Annotations

Branches:
Dungeon (5/15)             Temple (1/1) D:4

Altars:
Ashenzari
Cheibriados
Dithmenos
Gozag
Hepliaklqana
Kikubaaqudgha
Makhleb
Nemelex Xobeh
Okawaru
Qazlal
Ru
Vehumet
Wu Jian
Yredelemnul
Zin
The Shining One


Innate Abilities, Weirdness & Mutations

You are very small and have problems with some larger weapons.
You are too small for most types of armour.
You have supernaturally acute eyesight. (SInv)
You cover ground extremely quickly. (Speed+++)


Message History

You now have 251 gold pieces (gained 9).
You now have 260 gold pieces (gained 9).
You now have 270 gold pieces (gained 10).
There is a sparkling altar of Nemelex Xobeh here.
There is an open door here.
An ice beast comes into view.
An ice beast is nearby!
Casting: Ensorcelled Hibernation (safe; 9% risk of failure)
Confirm with . or Enter, or press ? or * to list all spells.
You miscast Confusing Touch.
You are very lightly contaminated with residual magic.
Nothing appears to happen.
The ice beast closely misses you.
You hit the ice beast but do no damage. The ice beast hits you.
The ice beast freezes you!
You hit the ice beast but do no damage. You barely miss the ice beast.
Your punch misses the ice beast. The ice beast barely misses you.
You hit the ice beast.
The ice beast is lightly wounded.
The ice beast completely misses you.
You closely miss the ice beast.
The ice beast is lightly wounded.
The ice beast hits you. The ice beast freezes you!
You are too injured to fight recklessly!
You are too injured to fight recklessly!
You are too injured to fight recklessly!
You are too injured to fight recklessly!
You are too injured to fight recklessly!
You are too injured to fight recklessly!
You are too injured to fight recklessly!
You are too injured to fight recklessly!
You hit the ice beast.
The ice beast is poisoned.
The ice beast is lightly wounded.
The ice beast misses you.
You hit the ice beast but do no damage.
The ice beast is lightly wounded.
The ice beast attacks as it pursues you!
The ice beast hits you. The ice beast freezes you!
You die...
Your body crumbles into a pile of gold.

### #.........# #.#
#.........# #.##
#.........### #..##
#........... #...###
#.........# #.#...#
#.........# #.###.#
#.........# #.# #.##
#.....Y...# #.# #..#
#....@....#
#.####.######..#####
###.##....# ##.##
#.........## #..#
#.#######..###.##
#.#.....#...#..#
#.#.....#...#.##
..#.._..#...#.#
..#.....#...#.# ..


You could see an ice beast (very poisoned).

Vanquished Creatures
  A black bear (D:5)
  An ogre (D:5)
  2 phantoms (D:5)
  An oklob sapling (D:4)
  3 iguanas
  5 adders
  2 dart slugs
  3 ribbon worms
  6 orcs
  3 bats
  5 endoplasms
  4 giant cockroaches
  3 goblins
  10 hobgoblins
  3 jackals
  A quokka (D:1)
  6 ball pythons
  4 frilled lizards
  10 kobolds
  4 rats
77 creatures vanquished.

Notes
Turn   | Place    | Note
-------+----------+-------------------------------------------
     0 | D:1      | Gadfly the Spriggan Enchanter began the quest for the Orb.
     0 | D:1      | Reached XP level 1. HP: 9/9 MP: 5/5
   144 | D:1      | Reached XP level 2. HP: 8/13 MP: 6/6
   215 | D:1      | Learned a level 2 spell: Ensorcelled Hibernation
   859 | D:1      | Reached XP level 3. HP: 8/17 MP: 8/8
   863 | D:1      | Learned a level 3 spell: Confusing Touch
  1071 | D:2      | Reached skill level 1 in Evocations
  1483 | D:2      | Reached skill level 1 in Fighting
  1522 | D:2      | Got the Grimoire of Foggy Fascination
  1617 | D:2      | Found a hazy altar of Hepliaklqana.
  1834 | D:3      | Reached XP level 4. HP: 20/22 MP: 7/10
  2483 | D:4      | Found a staircase to the Ecumenical Temple.
  2645 | D:4      | Reached skill level 5 in Stealth
  2888 | D:4      | Reached XP level 5. HP: 25/25 MP: 7/11
  2918 | Temple   | Entered the Ecumenical Temple
  2923 | Temple   | Became a worshipper of Gozag Ym Sagoz the Greedy
  3318 | D:5      | Entered Level 5 of the Dungeon
  3422 | D:5      | Noticed an ogre
  3529 | D:5      | Killed an ogre
  3530 | D:5      | Reached XP level 6. HP: 8/30 MP: 7/13
  3728 | D:5      | Found a radiant altar of Vehumet.
  3779 | D:5      | Reached skill level 6 in Stealth
  3782 | D:5      | Reached XP level 7. HP: 35/35 MP: 9/14
  3830 | D:5      | Found a sparkling altar of Nemelex Xobeh.
  3922 | D:5      | Slain by an ice beast

Illustrated notes

Levels and vault maps discovered:
D:1:      wander_arrival_lonely_grave, layout_loops_ring, st_stairs_4
D:2:      layout_rooms, basic_altar, minmay_diced_spiral
D:3:      layout_basic
D:4:      layout_loops_ring, minmay_temple_entry_oklob
D:5:      layout_rooms, lemuel_crystal_altar, amcnicky_altar_gilded, uniq_pikel
Temple:   nicolae_temple_ecumenical_triangle

Skill      XL: |  1  2  3  4  5  6 |
---------------+-------------------+-----
Spellcasting   | 3 4 |  4.4
Dodging        | 3 4 |  4.4
Evocations     | 1 2 3 |  3.3
Short Blades   | 2 3 |  3.3
Fighting       | 1 2 |  2.1
Stealth        | 5 6 |  6.1
Hexes          | 4 |  4.8

Action                     |  1- 3 |  4- 6 |  7- 9 || total
---------------------------+-------+-------+-------++-------
  Melee: Dagger            |   150 |    75 |     7 ||   232
         Punch             |     3 |       |       ||     3
   Cast: Ensorcelled Hiber |    19 |    18 |       ||    37
         Confusing Touch   |       |     2 |       ||     2
    Use: Scroll            |     3 |     3 |       ||     6
         Potion            |       |     2 |       ||     2
   Stab: Sleeping          |    18 |    16 |       ||    34
         Distracted        |     3 |       |       ||     3
         Confused          |       |     3 |       ||     3
 Armour: Robe              |    51 |     7 |     3 ||    61
  Dodge: Dodged            |   114 |    38 |     4 ||   156
